 Dungeon Crawl Stone Soup version 0.17.0-24-gcfadda4 (console) character file.

4 gw the Firebug (level 1, 0/13 HPs)
             Began as a Human Fire Elementalist on Nov 17, 2015.
             Slain by a jackal (2 damage)
             ... on level 1 of the Dungeon.
             The game lasted 00:00:16 (207 turns).

gw the Firebug (Human Fire Elementalist)             Turns: 207, Time: 00:00:16

Health: 0/13       AC:  2    Str:  8    XL:     1   Next: 66%
Magic:  0/3        EV: 12    Int: 15    God:
Gold:   25         SH:  0    Dex: 13    Spells: 1 memorised, 3 levels left

rFire  . . .     SeeInvis .     (no weapon)
rCold  . . .     Clarity  .     a - +0 robe
rNeg   . . .     SustAt   .     (no shield)
rPois  .         Gourm    .     (no helmet)
rElec  .         Spirit   .     (no cloak)
rCorr  .         Warding  .     (no gloves)
rMut   .         Stasis   .     (no boots)
MR     .....                    (no amulet)
Stlth  ++........               (no ring)
                                (no ring)

@: very slightly contaminated, not resistant to hostile enchantments, unstealthy
A: no striking features
a: no special abilities


You were on level 1 of the Dungeon.
You were not hungry.

You visited 1 branch of the dungeon, and saw 1 of its levels.

You collected 25 gold pieces.

Inventory:

Missiles
 e - 10 arrows of flame
Armour
 a - a +0 robe (worn)
Scrolls
 d - a scroll of identify {unknown}
Books
 b - a book of Flames

   Spells                             Type                      Level
   a - Flame Tongue                   Conjuration/Fire             1
   b - Throw Flame                    Conjuration/Fire             2
   c - Conjure Flame                  Conjuration/Fire             3
   d - Inner Flame                    Hexes/Fire                   3
   e - Sticky Flame                   Conjuration/Fire             4
   f - Fireball                       Conjuration/Fire             5
Comestibles
 c - a bread ration


   Skills:
 + Level 0.2 Fighting
 + Level 0.2 Armour
 - Level 2.0 Dodging
 - Level 2.0 Stealth
 * Level 2.1 Spellcasting
 - Level 1.0 Conjurations
 + Level 3.1 Fire Magic


You had 3 spell levels left.
You knew the following spells:

 Your Spells              Type           Power        Failure   Level  Hunger
a - Flame Tongue          Conj/Fire      #....        12%         1    #......


Dungeon Overview and Level Annotations

Branches:
Dungeon (1/15)

Altars:


Message History

Fight failed; Making a random move The jackal bites you.
MOVING TO (0,-1) Attempting RANGED ATTACK TO (0,1) x2
Fight failed Attempting RANGED ATTACK TO (0,1) x2
Fight failed; Making a random move The jackal bites you.
Attempting RANGED ATTACK TO (0,1) x2
Fight failed; Making a random move MOVING TO (1,-7)
Casting: Flame Tongue
Confirm with . or Enter, or press ? or * to list all spells.
Aiming: Flame Tongue
Press: ? - help, Shift-Dir - straight line, f - jackal
Aim: a jackal The flame tongue hits the jackal.
The jackal is moderately wounded.
The jackal bites you.
You die...

#.# #........########
#.#####...###..........
#........## #.#########
########.# #.#
#######.####.#
#............#
#.#####.###### #..#
#p## #h# #.# #.# #.#
#.# #.# #.# #.#


You could see a jackal.

Table legend:
 A = Turns spent in this place as a percentage of turns spent in the entire game.
 B = Non-inter-level travel turns spent in this place as a percentage of non-inter-level travel turns spent in the entire game.
 C = Inter-level travel turns spent in this place as a percentage of turns spent in this place.
 D = Turns resting spent in this place as a percentage of non-inter-level travel turns spent in this place.
 E = Turns spent auto-exploring this place as a percentage of non-inter-level travel turns spent in this place.
 F = Non-inter-level travel turns spent in this place divided by the number of levels of this place that you've seen.
                   A       B       C       D       E      F
               +-------+-------+-------+-------+-------+----------------------
         Total | 100.0 | 100.0 |   0.0 |   2.1 |   2.1 | 280.0
       Dungeon | 100.0 | 100.0 |   0.0 |   2.1 |   2.1 | 280.0
               +-------+-------+-------+-------+-------+----------------------

Table legend:
 A = Kills in this place as a percentage of kills in entire the game.
 B = Kills by you in this place as a percentage of kills by you in the entire game.
 C = Kills by friends in this place as a percentage of kills by friends in the entire game.
 D = Other kills in this place as a percentage of other kills in the entire game.
 E = Experience gained in this place as a percentage of experience gained in the entire game.
 F = Experience gained in this place divided by the number of levels of this place that you have seen.
                   A       B       C       D       E      F
               +-------+-------+-------+-------+-------+----------------------
         Total | 100.0 | 100.0 |  -nan |  -nan | 100.0 |   6.0
       Dungeon | 100.0 | 100.0 |  -nan |  -nan | 100.0 |   6.0
               +-------+-------+-------+-------+-------+----------------------

Vanquished Creatures
  3 jackals (D:1)
3 creatures vanquished.

Notes
Turn   | Place    | Note
--------------------------------------------------------------
     0 | D:1      | gw the Human Fire Elementalist began the quest for the Orb.
     0 | D:1      | Reached XP level 1. HP: 13/13 MP: 3/3
   207 | D:1      | Slain by a jackal

Action                   || total
-------------------------++-------
 Cast: Flame Tongue      ||     7

Vault maps used:
D:1:      lemuel_arrival_rhombus
